 Dungeon Crawl Stone Soup version 0.30-a0-218-gedb9141078 (webtiles) character file.

Game seed: 14118425808366150631

6720 billz999 the Transmogrifier (level 10, -5/71 HPs)
             Began as a Vampire Earth Elementalist on Oct 6, 2022.
             Was an Initiate of Yredelemnul.
             Slain by an elephant (11 damage)
             ... on level 9 of the Dungeon.
             The game lasted 00:31:59 (10005 turns).

billz999 the Transmogrifier (VpEE)                 Turns: 10005, Time: 00:32:00

Health: -5/71      AC:  4    Str:  7    XL:     10   Next: 74%
Magic:  10/19      EV: 16    Int: 21    God:    Yredelemnul [......]
Gold:   424        SH:  0    Dex: 16    Spells: 12/21 levels left

rFire   . . .      SeeInvis +    L - +1 dagger (elec)
rCold   . . .      Faith    .    (no shield)
rNeg    . . .      Spirit   .    a - +0 robe
rPois   .          Reflect  .    I - +0 helmet
rElec   .          Harm     .    B - +0 cloak
rCorr   .          Rampage  .    (no gloves)
Will    +....                    (no boots)
Stlth   ++++......               E - amulet of regeneration
HPRegen 1.31/turn                G - ring of wizardry
MPRegen 0.16/turn                J - +4 ring of evasion

@: healing quickly, invisible, unable to read
A: alive, fangs 3, see invisible, vampiric 2, inability to read after injury 1
a: Exsanguinate, Renounce Religion, Recall Undead Harvest


You were on level 9 of the Dungeon.
You worshipped Yredelemnul.
Yredelemnul was noncommittal.
You visited 2 branches of the dungeon, and saw 11 of its levels.

You collected 424 gold pieces.

Inventory:

Hand Weapons
 d - a +0 short sword
 n - a +0 dagger
 s - a +0 dagger
 x - a +2 dagger of speed
 L - a +1 dagger of electrocution (weapon)
 O - a +1 vampiric dagger
 U - a +4 trident
Missiles
 y - 6 curare-tipped darts (quivered)
 N - a throwing net
Armour
 a - a +0 robe (worn)
 B - a +0 cloak (worn)
 I - a +0 helmet (worn)
Jewellery
 e - a ring of protection from cold
 f - a +4 ring of protection
 i - a ring of ice
 m - a ring of resist corrosion
 E - an amulet of regeneration (around neck)
 G - a ring of wizardry (left hand)
 J - a +4 ring of evasion (right hand)
 R - an amulet of faith
 T - a ring of fire
Wands
 z - a wand of charming (7)
 S - a wand of mindburst (15)
Scrolls
 c - 2 scrolls of poison
 g - 2 scrolls of immolation
 j - 3 scrolls of vulnerability
 l - a scroll of enchant armour
 r - a scroll of noise
 t - 3 scrolls of teleportation
 u - 2 scrolls of fear
 M - a scroll of acquirement {unknown}
 P - a scroll of butterflies {unknown}
 Q - a scroll of identify
Potions
 b - 4 potions of magic
 h - 2 potions of resistance
 o - a potion of haste {unknown}
 p - 2 potions of curing
 q - 4 potions of mutation
 v - 3 potions of degeneration
 A - 2 potions of might {unknown}
 C - a potion of lignification {unknown}
 D - 2 potions of cancellation
 F - a potion of berserk rage {unknown}
 H - a potion of ambrosia {unknown}
 K - a potion of flight {unknown}


   Skills:
 - Level 4.1 Fighting
 + Level 6.4 Short Blades
 - Level 2.1 Dodging
 - Level 8.1 Stealth
 - Level 6.4 Spellcasting
 - Level 6.0 Necromancy
 - Level 9.6 Transmutations
 - Level 6.7 Earth Magic


You had 12 spell levels left.
You knew the following spells:

 Your Spells              Type           Power      Damage    Failure   Level
a - Sandblast             Erth           70%        2d15      1%          1
b - Petrify               Tmut/Erth      41%        N/A       1%          4
c - Dispel Undead         Necr           31%        3d14      3%          4

Your spell library contained the following spells:

 Spells                   Type           Power      Damage    Failure   Level
 Passwall                 Tmut/Erth      34%        N/A       1%          2
 Blade Hands              Tmut           23%        N/A       1%          5
 Cigotuvi's Dreadful Rot  Necr/Pois/Air  30%        N/A       2%          2
 Stone Arrow              Conj/Erth      42%        3d9       2%          3
 Apportation              Tloc           12%        N/A       4%          1
 Foxfire                  Conj/Fire      24%        2x1d5     4%          1
 Magic Dart               Conj           24%        1d4       4%          1
 Call Imp                 Summ           6%         N/A       6%          2
 Animate Armour           Summ/Erth      42%        N/A       9%          4
 Mephitic Cloud           Conj/Pois/Air  6%         N/A       12%         3
 Alistair's Intoxication  Tmut/Pois      18%        N/A       14%         5
 Fireball                 Conj/Fire      3%         3d4       67%         5
 Iron Shot                Conj/Erth      10%        9d3       77%         6
 Starburst                Conj/Fire      3%         6d3       99%         6
 Lehudib's Crystal Spear  Conj/Erth      10%        10d4      100%        8
 Death Channel            Necr           Unusable   N/A       N/A         6

Dungeon Overview and Level Annotations

Branches:
Dungeon (10/15)            Temple (0/1) D:6            Lair (1/5) D:9
    Orc: D:9-12

Altars:
Hepliaklqana
Kikubaaqudgha
Okawaru
Uskayaw
Xom
Yredelemnul

Shops:
D:8 (

Annotations:
D:9 1 runed translucent door, SigmundSlayer's ghost, journeyman OgHu


Innate Abilities, Weirdness & Mutations

Your natural rate of healing is accelerated.
You have razor-sharp teeth.
You have supernaturally acute eyesight. (SInv)
You are afflicted with vampirism and can become a bat while bloodless.
You occasionally lose the ability to read scrolls when taking damage.


Message History

You feel threatened and lose the ability to read scrolls!
You cannot read scrolls in your current state!
The elephant closely misses you. The elephant trunk-slaps you.
The bullfrog hits you but does no damage.
You feel much better. The bullfrog barely misses you. The elephant misses you.
The elephant trunk-slaps you. The spriggan hits you with a +0 dagger!
The elephant attacks as you move away! The elephant tramples you!
* * * LOW HITPOINT WARNING * * *
The elephant closely misses you. The bullfrog hits you.
* * * LOW HITPOINT WARNING * * *
There is a staircase back to the Dungeon here.
Okay, then.
You cannot read scrolls in your current state!
Unknown command.
You feel much better. The elephant completely misses you.
The elephant barely misses you. The spriggan completely misses you.
The cane toad stings you! The elephant misses you.
The elephant trunk-slaps you. The bullfrog hits you.
The spriggan hits you with a +0 dagger.
* * * LOW HITPOINT WARNING * * *
You climb upwards.
Welcome back to the Dungeon!
Level annotation: 1 runed translucent door, SigmundSlayer's ghost, journeyman OgHu
There is a staircase to the Lair here.
You cannot read scrolls in your current state!
Unknown command.
You fade into invisibility!
The cane toad completely misses you. The elephant completely misses you.
The elephant misses you. The spriggan hits you with a +0 dagger!
* * * LOW HITPOINT WARNING * * *
You barely miss the elephant. The cane toad completely misses you.
The elephant barely misses you. The elephant misses you.
You hit the elephant but do no damage. The cane toad closely misses you.
The spriggan hits you with a +0 dagger!
* * * LOW HITPOINT WARNING * * *
You catch the helpless elephant completely off-guard!
You impale the elephant!! Lightning courses through the elephant!
The elephant is heavily wounded.
The elephant tramples you!
You die...
Yredelemnul claims you as an undead slave.

#.....###.#####....## #.# ###
##...## #.####......### #.# ##.##
###.#####.##.....P....###.###Z#.#
# #.......#.......P..P.##.##.###Z
###########....P.......##...## ##
.)$#....................####.###.
.~.#####.#P.)..####........##.#.#
.~.# #.......#iF'...P....###.##
.~.# ###P....#@Y#......#.###.##
W~.# #.....####.....##.......
#+## #......)....P..##..#####
...# ##.........P..###..# # ...#
#....P.......# #..##### #.##
##..........#####....## #.#
###......#........#.## #.#
###.#...........#... #.#
#.............#...


You could see an elephant (unable to see you), a cane toad (unable to see you)
and a spriggan.

Vanquished Creatures
  A two-headed ogre (D:8)
  Pikel (D:5)
  Joseph (D:7)
  2 wyverns (D:9)
  A spriggan (Lair:1)
  3 yaks (D:9)
  2 water moccasins (D:8)
  2 sky beasts
  2 orc warriors
  4 black bears
  2 ice beasts
  2 ogres
  6 centaurs
  2 lemures (D:5)
  2 kobold brigands
  2 gnoll sergeants
  2 bullfrogs
  5 scorpions
  3 wights (D:8)
  4 killer bees (D:9)
  3 jellies
  3 orc priests
  A hound (D:5)
  2 gnoll boudas
  Natasha (twice) (D:4)
  An iguana (D:5)
  8 orc wizards
  4 adders
  11 gnolls
  A white imp (D:7)
  3 dart slugs
  18 orcs
  5 endoplasms
  4 giant cockroaches
  4 goblins
  8 hobgoblins
  2 jackals (D:2)
  19 kobolds
  3 quokkas
  6 ball pythons
  5 bats
  4 frilled lizards
  A rat (D:1)
  A spectral hobgoblin (D:1)
168 creatures vanquished.

Vanquished Creatures (collateral kills)
  A steam dragon (D:8)
  A water moccasin (D:8)
  An ogre (D:5)
  A centaur (D:9)
  2 scorpions
  2 wights (D:8)
  2 hounds
  An iguana (D:5)
  An orc wizard (D:5)
  Natasha (D:4)
  10 gnolls
  A dart slug (D:2)
  2 orcs
  A ball python (D:2)
  A bat (D:2)
  An endoplasm (D:2)
  A giant cockroach (D:2)
  2 goblins
  2 hobgoblins (D:3)
  2 kobolds
  A rat (D:3)
37 creatures vanquished.

Vanquished Creatures (others)
  A water moccasin zombie (D:8)
  2 yak zombies (D:9)
  A killer bee (D:9)
  3 black bear zombies
  A centaur zombie (D:9)
  A bullfrog zombie (D:6)
  An orc wizard (D:6)
  3 killer bee zombies (D:9)
  2 jelly zombies
  7 gnoll zombies
  A ball python zombie (D:3)
  An endoplasm zombie (D:4)
  2 hobgoblin zombies (D:3)
  4 kobold zombies
  10 orc zombies
  13 fungi (D:9)
  34 plants
87 creatures vanquished.

Grand Total: 292 creatures vanquished

Notes
Turn   | Place    | Note
-------+----------+-------------------------------------------
     0 | D:1      | billz999 the Vampire Earth Elementalist began the quest for
                  | the Orb.
     0 | D:1      | Reached XP level 1. HP: 13/13 MP: 3/3
   232 | D:1      | Reached XP level 2. HP: 19/19 MP: 3/5
   603 | D:1      | Found a faded altar of an unknown god.
  1014 | D:1      | Reached skill level 2 in Transmutations
  1015 | D:1      | Gained mutation: You are afflicted with vampirism and can
                  | become a bat while bloodless. [Vampire growth]
  1015 | D:1      | Reached XP level 3. HP: 24/24 MP: 3/6
  1277 | D:2      | Found a basalt altar of Yredelemnul.
  1287 | D:2      | Reached skill level 5 in Stealth
  1298 | D:2      | Became a worshipper of Yredelemnul the Dark
  1595 | D:2      | Reached * piety under Yredelemnul
  1874 | D:2      | Reached ** piety under Yredelemnul
  2074 | D:3      | Reached XP level 4. HP: 30/30 MP: 5/7
  2108 | D:3      | Learned a level 4 spell: Petrify
  2486 | D:3      | Found an iron altar of Okawaru.
  2518 | D:3      | Reached skill level 3 in Transmutations
  3044 | D:4      | Noticed an ogre
  3047 | D:4      | Killed an ogre
  3048 | D:4      | Reached XP level 5. HP: 35/35 MP: 5/8
  3198 | D:4      | Reached skill level 4 in Transmutations
  3444 | D:4      | Noticed Natasha
  3446 | D:4      | Killed Natasha
  3447 | D:4      | Reached XP level 6. HP: 41/41 MP: 7/10
  3479 | D:4      | Noticed Natasha
  3485 | D:4      | Killed Natasha
  3683 | D:4      | Noticed Natasha
  3893 | D:5      | Entered Level 5 of the Dungeon
  4057 | D:5      | Reached skill level 5 in Transmutations
  4204 | D:5      | Noticed an ice beast
  4214 | D:5      | Killed an ice beast
  4215 | D:5      | Reached XP level 7. HP: 46/46 MP: 4/12
  4300 | D:5      | Noticed Pikel
  4322 | D:4      | Gained mutation: You occasionally lose the ability to read
                  | scrolls when taking damage. [potion of mutation]
  4372 | D:4      | Killed Natasha
  4869 | D:5      | Killed Pikel
  4870 | D:5      | Reached skill level 7 in Transmutations
  4870 | D:5      | Reached skill level 5 in Earth Magic
  4870 | D:5      | Reached XP level 8. HP: 36/52 MP: 1/14
  6165 | D:6      | Found a hide-covered altar of Uskayaw.
  6402 | D:6      | Reached skill level 8 in Transmutations
  6494 | D:6      | Learned a level 4 spell: Dispel Undead
  6524 | D:6      | Found a staircase to the Ecumenical Temple.
  6542 | D:6      | Reached skill level 1 in Necromancy
  6542 | D:6      | Reached XP level 9. HP: 57/57 MP: 13/16
  7200 | D:7      | Noticed Joseph
  7219 | D:7      | Killed Joseph
  7385 | D:7      | Reached skill level 1 in Fighting
  7684 | D:8      | Reached skill level 5 in Spellcasting
  7737 | D:8      | Noticed a two-headed ogre
  7868 | D:8      | Killed a two-headed ogre
  7903 | D:8      | Found Eschuffibb's Antique Weapon Shop.
  7983 | D:8      | Reached skill level 9 in Transmutations
  8005 | D:8      | Reached XP level 10. HP: 70/70 MP: 13/18
  8082 | D:8      | Found a hazy altar of Hepliaklqana.
  8166 | D:8      | Reached *** piety under Yredelemnul
  8554 | D:8      | Found a shimmering altar of Xom.
  8813 | D:9      | Found a runed translucent door.
  8936 | D:9      | Reached skill level 1 in Short Blades
  9265 | D:9      | Found a staircase to the Lair.
  9329 | D:9      | Reached skill level 5 in Short Blades
  9730 | D:9      | Found an ancient bone altar of Kikubaaqudgha.
  9845 | D:9      | Noticed SigmundSlayer's ghost (journeyman OgHu)
  9882 | D:10     | Entered Level 10 of the Dungeon
  9928 | Lair:1   | Entered Level 1 of the Lair of Beasts
  9981 | Lair:1   | Noticed an elephant
  9982 | Lair:1   | Noticed a cane toad
 10005 | D:9      | Slain by an elephant

Illustrated notes

Levels and vault maps discovered:
D:1:      scummos_arrival_simple_fountains, layout_loops_ring,
          dreamdust_ecumenical_altar_drowned_temple, minmay_pentomino_z2
D:2:      layout_basic, basic_altar
D:3:      layout_basic, okawaru_altar_gauntlet_db, minmay_stone_trees_medium
D:4:      layout_gridville, uniq_natasha
D:5:      minmay_opposing_rooms, layout_layer_cave,
          minmay_a_box_with_orc_wizards_in_it, uniq_pikel
D:6:      layout_basic, nicolae_uskayaw_dance_studio,
          minmay_temple_entry_stoned_glass
D:7:      layout_loops_ring, uniq_joseph
D:8:      layout_basic, kennysheep_little_box, lemuel_round_altar, serial_shops,
          nicolae_shop_crystal
D:9:      layout_loops_ring, overflow_temple_1_default,
          grunt_lair_entry_orc_guard_hut, ebering_ghost_reflecting_pool,
          serial_glass, glass_columns_a, glass_columns_a, glass_columns_a,
          glass_columns_b
D:10:     layout_loops_ring, nicolae_overflow_crystal_walls,
          nicolae_overflow_two_pavilions, ebering_ghost_funeral_grove,
          enter_trove_6, eino_house_with_fridge
Lair:1:   wad_woods_stonehenge, layout_regular_city, uniq_urug

Skill      XL: |  1  2  3  4  5  6  7  8  9 10 |
---------------+-------------------------------+-----
Stealth        | 4 5 8 |  8.1
Transmutations | 2 3 4 5 7 8 9 |  9.6
Spellcasting   | 3 4 5 6 |  6.4
Earth Magic    | 4 5 6 |  6.7
Necromancy     | 1 6 |  6.0
Fighting       | 3 4 |  4.1
Short Blades   | 6 |  6.4
Dodging        | |  2.1

Action                   |  1- 3 |  4- 6 |  7- 9 | 10-12 || total
-------------------------+-------+-------+-------+-------++-------
Melee: Short sword       |     6 |    26 |       |       ||    32
       Bite              |       |     2 |    22 |    17 ||    41
       Dagger            |       |     8 |   140 |   113 ||   261
       Punch             |       |       |     1 |     2 ||     3
Throw: Dart              |       |     1 |       |       ||     1
 Cast: Sandblast         |    55 |    46 |    62 |    16 ||   179
       Petrify           |       |       |    37 |    37 ||    74
Evoke: Wand              |       |       |     3 |     2 ||     5
  Use: Potion            |       |       |     2 |     4 ||     6
       Scroll            |       |       |    13 |     1 ||    14
 Stab: Sleeping          |       |     1 |     4 |     6 ||    11
       Distracted        |       |     1 |       |       ||     1
       Petrified         |       |       |    36 |    29 ||    65
       Petrifying        |       |       |     6 |     9 ||    15
       Invisible         |       |       |       |     1 ||     1
Armor: Robe              |     8 |    22 |    43 |    18 ||    91
Dodge: Dodged            |    15 |    35 |    99 |   118 ||   267

Table legend: (Time is in decaauts)
 A = Elapsed time spent in this place.
 B = Non-inter-level travel time spent in this place.
 C = Inter-level travel time spent in this place.
 D = Time resting spent in this place.
 E = Time spent auto-exploring this place.
 F = Levels seen in this place.
 G = Mean time per level.
                   A        B        C        D        E       F      G
               +--------+--------+--------+--------+--------+-----+--------+
         Total |  10038 |   9543 |    495 |    715 |   7122 |  11 |  912.5 |
       Dungeon |   9966 |   9477 |    489 |    715 |   7084 |  10 |  996.6 |
          Lair |     72 |     67 |      5 |      0 |     38 |   1 |   72.0 |
               +--------+--------+--------+--------+--------+-----+--------+

Top non-repeatable levels by time:
     D:5: 1862 daAuts
     D:9: 1338 daAuts
     D:1: 1261 daAuts
     D:6: 1025 daAuts
     D:4: 990 daAuts
     D:3: 959 daAuts
     D:7: 860 daAuts
     D:2: 831 daAuts
     D:8: 830 daAuts
  Lair:1: 72 daAuts
    D:10: 6 daAuts
